 Dungeon Crawl Stone Soup version 0.29-a0-322-g68df515428 (webtiles) character file.

Game seed: 8607844430425202751

247 funkygono the Slasher (level 6, -10/53 HPs)
             Began as a Hill Orc Fighter on Apr 6, 2022.
             Killed from afar by a steam dragon (12 damage)
             ... with a ball of steam
             ... on level 6 of the Dungeon.
             The game lasted 00:03:56 (2838 turns).

funkygono the Slasher (Hill Orc Fighter)            Turns: 2838, Time: 00:03:57

Health: -10/53     AC: 13    Str: 21    XL:     6   Next: 11%
Magic:  6/6        EV:  9    Int:  8    God:
Gold:   589        SH:  4    Dex: 10    Spells: 5/5 levels left

rFire   . . .      SeeInvis .   a - +0 long sword
rCold   . . .      Faith    .   c - +0 buckler
rNeg    . . .      Spirit   .   b - +0 scale mail
rPois   .          Reflect  .   (no helmet)
rElec   .          Harm     .   i - +0 cloak
rCorr   .          Rampage  .   (no gloves)
Will    .....                   g - +0 pair of boots
Stlth   ..........              (no amulet)
HPRegen 0.17/turn               h - +4 ring of protection
MPRegen 0.10/turn               (no ring)

@: no status effects
A: no striking features
a: no special abilities


You were on level 6 of the Dungeon.
You visited 1 branch of the dungeon, and saw 4 of its levels.

You collected 589 gold pieces.

Inventory:

Hand Weapons
 a - a +0 long sword (weapon)
Armour
 b - a +0 scale mail (worn)
 c - a +0 buckler (worn)
 g - a +0 pair of boots (worn)
 i - a +0 cloak (worn)
Jewellery
 h - a +4 ring of protection (left hand)
Scrolls
 e - a scroll of magic mapping
 f - a scroll of holy word
 m - a scroll of brand weapon {unknown}
 n - 4 scrolls of teleportation {unknown}
 q - a scroll of fog
Potions
 d - 2 potions of might
 j - a potion of brilliance {unknown}
 k - 2 potions of flight
 l - a potion of heal wounds {unknown}
 o - a potion of curing {unknown}
 p - a potion of invisibility {unknown}


   Skills:
 + Level 4.4 Fighting
 + Level 4.9 Long Blades
 + Level 4.1 Armour
 + Level 1.2 Dodging
 + Level 4.0 Shields


You had 5 spell levels left.
You didn't know any spells.
Your spell library contained the following spells:

 Spells                   Type           Power      Damage    Failure   Level
 Beastly Appendage        Tmut           0%         N/A       83%         1
 Wereblood                Tmut           0%         N/A       92%         2
 Spider Form              Tmut/Pois      0%         N/A       99%         3


Dungeon Overview and Level Annotations

Branches:
Dungeon (3/15)

Altars:


Message History

You slash the steam dragon!
The steam dragon is almost dead.
You are engulfed in a cloud of scalding steam.
* * * LOW HITPOINT WARNING * * *
The steam dragon bites you but does no damage.
The steam dragon claws you but does no damage.
You hit the steam dragon.
The steam dragon is almost dead.
You are engulfed in a cloud of scalding steam.
The steam dragon breathes steam at you. The ball of steam hits you.
* * * LOW HITPOINT WARNING * * *
You barely miss the steam dragon.
The steam dragon is almost dead.
You are engulfed in a cloud of scalding steam.
* * * LOW HITPOINT WARNING * * *
The steam dragon bites you.
* * * LOW HITPOINT WARNING * * *
The steam dragon barely misses you.
You hit the steam dragon but do no damage.
The steam dragon is almost dead.
You are engulfed in a cloud of scalding steam.
The steam dragon completely misses you. The steam dragon barely misses you.
Okay, then.
You hit the steam dragon but do no damage.
The steam dragon is almost dead.
You are engulfed in a cloud of scalding steam.
The steam dragon bites you.
* * * LOW HITPOINT WARNING * * *
The steam dragon claws you but does no damage.
You block the steam dragon's attack. The steam dragon completely misses you.
You closely miss the steam dragon.
The steam dragon is almost dead.
An orc wizard comes into view. It is wielding a +0 mace.
You block the steam dragon's attack. The steam dragon closely misses you.
You hit the steam dragon.
The steam dragon is almost dead.
The steam dragon breathes steam at you. The ball of steam hits you!
You die...

######### #.#
#........ ... #.#
#.# #@# #.## #D#####
#.. ########o....#
#.# #
.D..o......#.#####.#
#
....o..###.#.......#
# .#####.
#.#...###.# # #.
#...#.# #.#### #
#.....###.###....# #
.................# #


You could see a steam dragon (catching breath) and an orc wizard.

Vanquished Creatures
  A necrophage (D:6)
  An orc priest (D:2)
  An iguana (D:6)
  A gnoll (D:1)
  5 adders
  2 shadow imps (D:6)
  A worm (D:2)
  5 orcs
  6 bats
  3 endoplasms
  A giant cockroach (D:1)
  10 goblins
  5 hobgoblins
  A jackal (D:2)
  3 kobolds
  A quokka (D:1)
  4 ball pythons
  4 frilled lizards (D:1)
  4 rats
59 creatures vanquished.

Notes
Turn   | Place    | Note
-------+----------+-------------------------------------------
     0 | D:1      | funkygono the Hill Orc Fighter began the quest for the Orb.
     0 | D:1      | Reached XP level 1. HP: 19/19 MP: 1/1
   134 | D:1      | Reached XP level 2. HP: 18/27 MP: 2/2
   166 | D:1      | Found a faded altar of an unknown god.
   466 | D:1      | Reached XP level 3. HP: 27/33 MP: 3/3
   893 | D:2      | Reached XP level 4. HP: 16/34 MP: 4/4
  1783 | D:2      | Identified a scroll of acquirement
  1783 | D:2      | Acquired 468 gold pieces
  2114 | D:3      | Reached XP level 5. HP: 27/39 MP: 5/5
  2497 | D:3      | You fall into a shaft and drop 3 floors!
  2510 | D:6      | Reached skill level 1 in Dodging
  2594 | D:6      | Reached XP level 6. HP: 27/53 MP: 6/6
  2815 | D:6      | Noticed a steam dragon
  2836 | D:6      | HP: 1/53 [steam dragon (5)]
  2838 | D:6      | Killed from afar by a steam dragon

Illustrated notes

Levels and vault maps discovered:
D:1:      heliophobic_arrival_enchanted_forest, layout_rooms,
          ebering_ecumenical_altar_webs
D:2:      layout_basic, minmay_heptomino_o4
D:3:      layout_basic, kennysheep_pointless_box
D:6:      wad_river_or_something, layout_loops_ring, nemelex_spade_bored_becter

Skill      XL: |  1  2  3  4  5 |
---------------+----------------+-----
Long Blades    | 3 4 |  4.9
Fighting       | 4 |  4.4
Dodging        | 1 |  1.2
Armour         | 4 |  4.1
Shields        | 4 |  4.0

Action                   |  1- 3 |  4- 6 || total
-------------------------+-------+-------++-------
Melee: Long sword        |    81 |   170 ||   251
  Use: Scroll            |     3 |     5 ||     8
Armor: Scale mail        |    69 |   126 ||   195
Dodge: Dodged            |    55 |    89 ||   144
Block: Buckler           |    38 |    41 ||    79

Table legend: (Time is in decaauts)
 A = Elapsed time spent in this place.
 B = Non-inter-level travel time spent in this place.
 C = Inter-level travel time spent in this place.
 D = Time resting spent in this place.
 E = Time spent auto-exploring this place.
 F = Levels seen in this place.
 G = Mean time per level.
                   A        B        C        D        E       F      G
               +--------+--------+--------+--------+--------+-----+--------+
         Total |   2899 |   2855 |     44 |    121 |   2131 |   4 |  724.8 |
       Dungeon |   2899 |   2855 |     44 |    121 |   2131 |   4 |  724.8 |
               +--------+--------+--------+--------+--------+-----+--------+

Top non-repeatable levels by time:
     D:2: 976 daAuts
     D:1: 899 daAuts
     D:3: 670 daAuts
     D:6: 353 daAuts
